 Dungeon Crawl Stone Soup version 0.21.1-1-g345015f (webtiles) character file.

429 tidbits the Grave Robber (level 6, 28/44 HPs)
             Began as a Gnoll Necromancer on June 20, 2018.
             Quit the game on level 3 of the Dungeon.
             The game lasted 00:07:26 (835 turns).

tidbits the Grave Robber (Gnoll Necromancer)         Turns: 835, Time: 00:07:26

Health: 28/44      AC:  2    Str: 11    XL:     6   Next: 98%
Magic:  12/14      EV: 15    Int: 19    God:
Gold:   98         SH:  0    Dex: 15    Spells: 6/15 levels left

rFire    . . .     SeeInvis .   h - +0 dagger
rCold    . . .     Gourm    .   (no shield)
rNeg     . . .     Faith    .   d - +0 robe
rPois    .         Spirit   .   (no helmet)
rElec    .         Reflect  .   (no cloak)
rCorr    .         Harm     .   (no gloves)
MR       .....                  (no boots)
Stlth    +++.......             (no amulet)
HPRegen  0.14/turn              (no ring)
MPRegen  0.14/turn              (no ring)

@: no status effects
A: distributed training, fangs 1, strong nose
a: no special abilities


You were on level 3 of the Dungeon.
You were not hungry.

You visited 1 branch of the dungeon, and saw 5 of its levels.

You collected 98 gold pieces.

Inventory:

Hand Weapons
 a - a +0 spear
 f - a +0 club
 h - a +0 dagger (weapon)
 j - a cursed -2 hunting sling
 k - a +0 war axe
Missiles
 g - 41 arrows
Armour
 d - a +0 robe (worn)
Jewellery
 t - a cursed -3 ring of dexterity {unknown}
   (You found it on level 5 of the Dungeon)
Wands
 m - a wand of iceblast (4)
Scrolls
 e - a scroll of identify {unknown}
 o - a scroll of fear {unknown}
 p - a scroll of enchant weapon {unknown}
 q - a scroll of remove curse {unknown}
 r - a scroll of torment {unknown}
 s - a scroll of teleportation {unknown}
Potions
 l - 3 potions of heal wounds
 n - 2 potions of haste {unknown}
 u - 2 potions of curing {unknown}
Books
 b - a book of Necromancy

   Spells                             Type                      Level
   a - Pain                           Necromancy                   1
   b - Animate Skeleton               Necromancy                   1
   c - Vampiric Draining              Necromancy                   3
   d - Regeneration                   Charms/Necromancy            3
   e - Animate Dead                   Necromancy                   4
   f - Borgnjor's Vile Clutch         Necromancy/Earth             5
 i - a book of Cantrips
   (You found it on level 3 of the Dungeon)

   Spells                             Type                      Level
   a - Confusing Touch                Hexes                        1
   b - Animate Skeleton               Necromancy                   1
   c - Summon Small Mammal            Summoning                    1
   d - Apportation                    Translocation                1
Comestibles
 c - 5 rations


   Skills:
 + Level 2.1 Fighting
 + Level 2.1 Short Blades
 + Level 2.1 Long Blades
 + Level 2.1 Axes
 + Level 2.1 Maces & Flails
 + Level 2.1 Polearms
 + Level 2.1 Staves
 + Level 2.1 Slings
 + Level 2.1 Bows
 + Level 2.1 Crossbows
 + Level 2.1 Throwing
 + Level 2.1 Armour
 + Level 5.0 Dodging
 + Level 4.7 Stealth
 + Level 2.1 Shields
 + Level 2.1 Unarmed Combat
 + Level 5.4 Spellcasting
 + Level 1.7 Conjurations
 + Level 1.7 Hexes
 + Level 1.7 Charms
 + Level 1.7 Summonings
 + Level 7.3 Necromancy
 + Level 1.7 Translocations
 + Level 1.7 Transmutations
 + Level 1.7 Fire Magic
 + Level 1.7 Ice Magic
 + Level 1.7 Air Magic
 + Level 1.7 Earth Magic
 + Level 1.7 Poison Magic
 + Level 2.3 Invocations
 + Level 2.1 Evocations


You had 6 spell levels left.
You knew the following spells:

 Your Spells              Type           Power        Failure   Level  Hunger
a - Pain                  Necr           ####         1%          1    None
d - Vampiric Draining     Necr           ####......   1%          3    ##.....
n - Animate Skeleton      Necr           N/A          1%          1    None
r - Regeneration          Chrm/Necr      ###.......   5%          3    ##.....
A - Apportation           Tloc           ##....       6%          1    None


Dungeon Overview and Level Annotations

Branches:
Dungeon (5/15)
 Temple: D:4-7

Altars:


Innate Abilities, Weirdness & Mutations

Your experience applies equally to all skills.
You have very sharp teeth.
Your uncanny sense of smell can sniff out nearby items.


Message History

Aiming: Pain
Press: ? - help, Shift-Dir - straight line, f/p - worker ant
Aim: a worker ant (lightly wounded, chance to defeat MR: 89%)
The worker ant writhes in agony!
The worker ant bites you!
Casting: Pain
Confirm with . or Enter, or press ? or * to list all spells.
Aiming: Pain
Press: ? - help, Shift-Dir - straight line, f/p - worker ant
Aim: a worker ant (moderately wounded, chance to defeat MR: 89%)
The worker ant writhes in agony!
The worker ant bites you.
* * * LOW HITPOINT WARNING * * *
Casting: Pain
Confirm with . or Enter, or press ? or * to list all spells.
Aiming: Pain
Press: ? - help, Shift-Dir - straight line, f/p - worker ant
Aim: a worker ant (severely wounded, chance to defeat MR: 89%)
The worker ant writhes in agony!
The worker ant barely misses you.
Casting: Pain
Confirm with . or Enter, or press ? or * to list all spells.
Aiming: Pain
Press: ? - help, Shift-Dir - straight line, f/p - worker ant
Aim: a worker ant (almost dead, chance to defeat MR: 89%)
The worker ant writhes in agony!
You kill the worker ant!
You open the door.
An orc comes into view. It is wielding a hand axe.
You close the door.
You open the door.
Found a chain mail.
There is an open door here.
An adder skeleton comes into view.
You see here a chain mail.
The adder skeleton bites you.
* * * LOW HITPOINT WARNING * * *
You hit the adder skeleton.
The adder skeleton is moderately damaged.
The adder skeleton misses you.
You hit the adder skeleton. You punch the adder skeleton.
The adder skeleton is severely damaged.
The adder skeleton closely misses you.
You hit the adder skeleton.
You bite the adder skeleton, but do no damage.
The adder skeleton is almost destroyed.
The adder skeleton bites you.
* * * LOW HITPOINT WARNING * * *
You hit the adder skeleton.
You destroy the adder skeleton! 2 gnolls and a gnoll shaman come into view.
A gnoll comes into view. It is wielding a club.
Unknown command.
The helpless gnoll fails to defend itself.
You impale the gnoll!!
You kill the gnoll!
The gnoll shaman shouts!
The gnoll shouts! x2
Unknown command.
Found a stone staircase leading up.
There is a stone staircase leading up here.
You climb upwards.
There is a stone staircase leading down here.
Unknown command.
You open the door.
A hobgoblin comes into view.
The hobgoblin shouts!
Found 18 gold pieces.
There is an open door here.
Casting: Pain
Confirm with . or Enter, or press ? or * to list all spells.
Aiming: Pain
Press: ? - help, Shift-Dir - straight line, f - hobgoblin
Aim: a hobgoblin (chance to defeat MR: 93%)
The hobgoblin writhes in agony!
You kill the hobgoblin!
Casting: Pain
Confirm with . or Enter, or press ? or * to list all spells.
You can't see any susceptible monsters within range! (Use Z to cast anyway.)
A giant cockroach comes into view.
Found a yellow potion.
You see here a hobgoblin corpse.
You see here 18 gold pieces.
Casting: Pain
Confirm with . or Enter, or press ? or * to list all spells.
Aiming: Pain
Press: ? - help, Shift-Dir - straight line, f - giant cockroach
Aim: a giant cockroach (hasn't noticed you, chance to defeat MR: 93%)
The giant cockroach writhes in agony!
You kill the giant cockroach!
You now have 98 gold pieces (gained 18).
You see here a yellow potion.
u - 2 yellow potions (gained 1)
You open the door.
There is an open door here.
Unknown command.
You open the door.
There is an open door here.
Are you sure you want to abandon this character and quit the game? (Confirm with "yes".)
Okay, then.
Unknown command.
Unknown command.
Unknown command.
Are you sure you want to abandon this character and quit the game? (Confirm with "yes".)

#.........##
##.......##
##.....##
##...##
##'## #.#
#.# ##.##
#..@#
#.....#
##...##
##.## ...
##)# #.# #.#
#.#


There were no monsters in sight!

Vanquished Creatures
  Prince Ribbit (D:5)
  A phantom (D:4)
  A jelly (D:5)
  An orc wizard (D:4)
  2 worker ants (D:4)
  A gnoll (D:4)
  An adder (D:2)
  An adder skeleton (D:4)
  A leopard gecko (D:3)
  3 orcs (D:4)
  A ball python (D:4)
  2 giant cockroaches
  2 goblins (D:3)
  4 hobgoblins
  A kobold (D:1)
  A quokka (D:3)
  A bat (D:3)
  2 frilled lizards
  3 rats
30 creatures vanquished.

Notes
Turn   | Place    | Note
-------+----------+-------------------------------------------
     0 | D:1      | tidbits the Gnoll Necromancer began the quest for the Orb.
     0 | D:1      | Reached XP level 1. HP: 13/13 MP: 6/6
   155 | D:2      | Reached XP level 2. HP: 14/19 MP: 5/7
   158 | D:2      | Learned a level 1 spell: Animate Skeleton
   196 | D:3      | Learned a level 1 spell: Apportation
   366 | D:3      | Reached XP level 3. HP: 22/25 MP: 6/9
   371 | D:3      | Learned a level 3 spell: Regeneration
   375 | D:3      | Learned a level 3 spell: Vampiric Draining
   459 | D:5      | Entered Level 5 of the Dungeon
   462 | D:5      | Noticed a bullfrog
   474 | D:5      | Noticed Prince Ribbit
   478 | D:5      | Killed Prince Ribbit
   478 | D:5      | Reached skill level 1 in Fighting
   478 | D:5      | Reached skill level 1 in Short Blades
   478 | D:5      | Reached skill level 1 in Long Blades
   478 | D:5      | Reached skill level 1 in Axes
   478 | D:5      | Reached skill level 1 in Maces & Flails
   478 | D:5      | Reached skill level 1 in Polearms
   478 | D:5      | Reached skill level 1 in Staves
   478 | D:5      | Reached skill level 1 in Slings
   478 | D:5      | Reached skill level 1 in Bows
   478 | D:5      | Reached skill level 1 in Crossbows
   478 | D:5      | Reached skill level 1 in Throwing
   478 | D:5      | Reached skill level 1 in Armour
   478 | D:5      | Reached skill level 1 in Shields
   478 | D:5      | Reached skill level 1 in Unarmed Combat
   478 | D:5      | Reached skill level 5 in Spellcasting
   478 | D:5      | Reached skill level 1 in Conjurations
   478 | D:5      | Reached skill level 1 in Hexes
   478 | D:5      | Reached skill level 1 in Charms
   478 | D:5      | Reached skill level 1 in Summonings
   478 | D:5      | Reached skill level 1 in Translocations
   478 | D:5      | Reached skill level 1 in Transmutations
   478 | D:5      | Reached skill level 1 in Fire Magic
   478 | D:5      | Reached skill level 1 in Ice Magic
   478 | D:5      | Reached skill level 1 in Air Magic
   478 | D:5      | Reached skill level 1 in Earth Magic
   478 | D:5      | Reached skill level 1 in Poison Magic
   478 | D:5      | Reached skill level 1 in Invocations
   478 | D:5      | Reached skill level 1 in Evocations
   478 | D:5      | Reached XP level 4. HP: 32/32 MP: 11/11
   478 | D:5      | Reached XP level 5. HP: 37/37 MP: 12/12
   484 | D:5      | Noticed a phantom
   521 | D:4      | Reached XP level 6. HP: 21/44 MP: 13/13
   525 | D:4      | Killed a phantom
   525 | D:4      | Reached skill level 5 in Dodging
   525 | D:4      | Reached skill level 2 in Invocations
   534 | D:5      | Reached skill level 2 in Fighting
   534 | D:5      | Reached skill level 2 in Short Blades
   534 | D:5      | Reached skill level 2 in Long Blades
   534 | D:5      | Reached skill level 2 in Axes
   534 | D:5      | Reached skill level 2 in Maces & Flails
   534 | D:5      | Reached skill level 2 in Polearms
   534 | D:5      | Reached skill level 2 in Staves
   534 | D:5      | Reached skill level 2 in Slings
   534 | D:5      | Reached skill level 2 in Bows
   534 | D:5      | Reached skill level 2 in Crossbows
   534 | D:5      | Reached skill level 2 in Throwing
   534 | D:5      | Reached skill level 2 in Armour
   534 | D:5      | Reached skill level 2 in Shields
   534 | D:5      | Reached skill level 2 in Unarmed Combat
   534 | D:5      | Reached skill level 2 in Evocations
   835 | D:3      | Quit the game

Skill      XL: |  1  2  3  4  5  6 |
---------------+-------------------+-----
Fighting       | 1 2 |  2.1
Short Blades   | 1 2 |  2.1
Long Blades    | 1 2 |  2.1
Axes           | 1 2 |  2.1
Maces & Flails | 1 2 |  2.1
Polearms       | 1 2 |  2.1
Staves         | 1 2 |  2.1
Slings         | 1 2 |  2.1
Bows           | 1 2 |  2.1
Crossbows      | 1 2 |  2.1
Throwing       | 1 2 |  2.1
Armour         | 1 2 |  2.1
Shields        | 1 2 |  2.1
Unarmed Combat | 1 2 |  2.1
Spellcasting   | 5 |  5.4
Conjurations   | 1 |  1.7
Hexes          | 1 |  1.7
Charms         | 1 |  1.7
Summonings     | 1 |  1.7
Translocations | 1 |  1.7
Transmutations | 1 |  1.7
Fire Magic     | 1 |  1.7
Ice Magic      | 1 |  1.7
Air Magic      | 1 |  1.7
Earth Magic    | 1 |  1.7
Poison Magic   | 1 |  1.7
Invocations    | 1 2 |  2.3
Evocations     | 1 2 |  2.1
Dodging        | 5 |  5.0
Stealth        | |  4.7
Necromancy     | |  7.3

Action                   |  1- 3 |  4- 6 || total
-------------------------+-------+-------++-------
Melee: Dagger            |       |    11 ||    11
       Bite              |       |     2 ||     2
       Punch             |       |     1 ||     1
 Cast: Pain              |    19 |    27 ||    46
       Regeneration      |       |     2 ||     2
Evoke: Wand              |     3 |     6 ||     9
  Use: Potion            |       |     1 ||     1
 Stab: Paralysed         |       |     4 ||     4
       Sleeping          |       |     2 ||     2
Dodge: Dodged            |       |    11 ||    11

Table legend:
 A = Turns spent in this place as a percentage of turns spent in the entire game.
 B = Non-inter-level travel turns spent in this place as a percentage of non-inter-level travel turns spent in the entire game.
 C = Inter-level travel turns spent in this place as a percentage of turns spent in this place.
 D = Turns resting spent in this place as a percentage of non-inter-level travel turns spent in this place.
 E = Turns spent auto-exploring this place as a percentage of non-inter-level travel turns spent in this place.
 F = Non-inter-level travel turns spent in this place divided by the number of levels of this place that you've seen.
                   A       B       C       D       E      F
               +-------+-------+-------+-------+-------+----------------------
         Total | 100.0 | 100.0 |   0.0 |   0.0 |   0.0 | 167.0
       Dungeon | 100.0 | 100.0 |   0.0 |   0.0 |   0.0 | 167.0
               +-------+-------+-------+-------+-------+----------------------

Table legend:
 A = Kills in this place as a percentage of kills in entire the game.
 B = Kills by you in this place as a percentage of kills by you in the entire game.
 C = Kills by friends in this place as a percentage of kills by friends in the entire game.
 D = Other kills in this place as a percentage of other kills in the entire game.
 E = Experience gained in this place as a percentage of experience gained in the entire game.
 F = Experience gained in this place divided by the number of levels of this place that you have seen.
                   A       B       C       D       E      F
               +-------+-------+-------+-------+-------+----------------------
         Total | 100.0 | 100.0 |   N/A |   N/A | 100.0 | 122.6
       Dungeon | 100.0 | 100.0 |   N/A |   N/A | 100.0 | 122.6
               +-------+-------+-------+-------+-------+----------------------

Vault maps used:
D:1:      zelgadis_glass_arrival_large, minmay_tetromino_t2
D:2:      minmay_misc_feat_tiny, led_sif_pool
D:3:      kennysheep_slug_shrine, zin_treasury
D:5:      lemuel_ratsnest, first_ration, uniq_edmund, uniq_prince_ribbit1,
          uniq_grinder
